 Dungeon Crawl Stone Soup version 0.30-a0-305-g026cb31310 (webtiles) character file.

Game seed: 4901536741414420859

5453 sausages the Cleaver (level 10, -15/135 HPs)
             Began as a Hill Orc Berserker on Oct 22, 2022.
             Was an Elder of Trog.
             Demolished by a komodo dragon simulacrum (21 damage)
             ... in an ice cave.
             The game lasted 00:11:45 (9330 turns).

sausages the Cleaver (Hill Orc Berserker)           Turns: 9330, Time: 00:11:46

Health: -15/135    AC: 16    Str: 25    XL:     10   Next: 68%
Magic:  10/10      EV: 12    Int:  7    God:    Trog [****..]
Gold:   155        SH:  5    Dex: 10    Spells: 9/9 levels left

rFire   . . .      SeeInvis .    d - +3 whip (elec)
rCold   . . .      Faith    .    (no shield)
rNeg    . . .      Spirit   .    H - +0 plate armour {rPois}
rPois   +          Reflect  +    (no helmet)
rElec   .          Harm     .    (no cloak)
rCorr   .          Rampage  .    (no gloves)
Will    +++..                    C - +2 pair of boots
Stlth   ..........               j - amulet of reflection
HPRegen 1.42/turn                W - ring of willpower
MPRegen 0.12/turn                E - +4 ring of evasion

@: berserking, strong-willed (expiring), regenerating (expiring), very quick
A: no striking features
a: Renounce Religion, Berserk, Trog's Hand, Brothers in Arms


You were in an ice cave.
You worshipped Trog.
Trog was greatly pleased with you.
You visited 2 branches of the dungeon, and saw 10 of its levels.
You also visited: Ice Cave.

You collected 454 gold pieces.
You spent 299 gold pieces at shops.


   Skills:
 + Level 8.6 Fighting
 * Level 12.7 Axes
 + Level 4.7 Throwing
 + Level 7.4 Armour
 + Level 5.6 Dodging


You had 9 spell levels left.
You didn't know any spells.
Your spell library was empty.

Inventory:

Hand Weapons
 a - a +0 hand axe
 d - a +3 whip of electrocution (weapon)
 s - a +0 war axe
Missiles
 o - a throwing net {=f}
Armour
 b - a +0 animal skin
 e - a +0 ring mail
 i - a +0 chain mail
 B - a +0 plate armour
 C - a +2 pair of boots (worn)
 H - a +0 plate armour of poison resistance (worn)
Jewellery
 f - a ring of fire
 j - an amulet of reflection (around neck)
 v - a ring of see invisible
 D - a +6 ring of dexterity
 E - a +4 ring of evasion (right hand)
 F - a ring of protection from fire
 W - a ring of willpower (left hand)
Wands
 t - a wand of paralysis (14)
 y - a wand of polymorph (8)
 I - a wand of flame (26)
 K - a wand of light (4)
Scrolls
 l - a scroll of butterflies {unknown}
 m - 4 scrolls of teleportation {@r2}
 p - a scroll of immolation
 r - a scroll of enchant weapon {unknown}
 u - a scroll of magic mapping {unknown}
 A - a scroll of brand weapon
Potions
 c - 4 potions of ambrosia
 g - 4 potions of flight
 h - 5 potions of curing {unknown}
 k - a potion of berserk rage {unknown}
 n - 3 potions of lignification {unknown}
 q - 4 potions of might {unknown}
 w - 4 potions of degeneration
 x - a potion of brilliance {unknown}
 z - 4 potions of mutation {unknown}
 G - a potion of attraction {unknown}
 J - a potion of cancellation {unknown}

Dungeon Overview and Level Annotations

Branches:
Dungeon (8/15)             Temple (0/1) D:5            Lair (2/5) D:8
  IceCv (1/1)
  Swamp: Lair:2-3    Shoals: Lair:2-3     Snake: Lair:2-3    Spider: Lair:2-3

Altars:
Ashenzari
Cheibriados
Fedhas
Kikubaaqudgha
Okawaru
Vehumet
Wu Jian
The Shining One

Shops:
D:1 * D:2

!? ##.##
#..# ##.##
#..# #.##
##..#
#..######
##.#Z#..##
#@Z#....#
##...##Z#
##..#.Z#
####.Z#
.$Z. ##Z..
.[$$.
#Z$## ..##


You could see a komodo dragon simulacrum and an acid dragon simulacrum.


Message History

The steam dragon simulacrum is almost destroyed.
You barely miss the steam dragon simulacrum.
The steam dragon simulacrum is almost destroyed.
The steam dragon simulacrum misses you. The steam dragon simulacrum claws you.
* * * LOW HITPOINT WARNING * * *
The steam dragon simulacrum freezes you!
* * * LOW HITPOINT WARNING * * *
You whack the steam dragon simulacrum!
The steam dragon simulacrum vaporises!
Trog accepts your kill.
You feel the effects of Trog's Hand fading.
You barely miss the komodo dragon simulacrum.
The komodo dragon simulacrum closely misses you.
You hit the komodo dragon simulacrum.
Lightning courses through the komodo dragon simulacrum!
The komodo dragon simulacrum is severely damaged.
You hit the komodo dragon simulacrum.
The komodo dragon simulacrum is severely damaged.
The komodo dragon simulacrum bites you!
* * * LOW HITPOINT WARNING * * *
The komodo dragon simulacrum freezes you!
* * * LOW HITPOINT WARNING * * *
Unknown command.
Use which ability? (? or * to list)
A red film seems to cover your vision as you go berserk!
You feel yourself moving faster!
You feel mighty! The komodo dragon simulacrum bites you!
* * * LOW HITPOINT WARNING * * *
The komodo dragon simulacrum freezes you!!
You die...

Skill      XL: |  1  2  3  4  5  6  7  8  9 10 |
---------------+-------------------------------+-----
Fighting       | 4 5 6 7 8 |  8.6
Dodging        | 2 3 4 5 |  5.6
Axes           | 5 6 7 8 9 11 12 | 12.7
Armour         | 3 4 5 6 7 |  7.4
Throwing       | 2 3 4 |  4.7

Action                   |  1- 3 |  4- 6 |  7- 9 | 10-12 || total
-------------------------+-------+-------+-------+-------++-------
Melee: Hand axe          |    97 |    43 |       |       ||   140
       Punch             |       |     1 |     6 |     1 ||     8
       Whip              |       |   116 |   332 |   100 ||   548
Invok: Berserk           |       |     3 |     4 |     3 ||    10
       Trog's Hand       |       |       |       |     1 ||     1
  Use: Scroll            |       |     5 |     6 |       ||    11
Armor: Animal skin       |     4 |       |       |       ||     4
       Ring mail         |    12 |     6 |       |       ||    18
       Chain mail        |       |    58 |    73 |       ||   131
       Plate armour      |       |       |    36 |    30 ||    66
Dodge: Dodged            |    67 |    65 |   165 |    48 ||   345
Block: Other             |       |     6 |    49 |    19 ||    74
       Reflection        |       |       |       |     1 ||     1

Levels and vault maps discovered:
D:1:      elethiomel_arrival_infinity_welcomes_careful_drivers, layout_rooms,
          serial_shops, shop, minmay_tromino_v4_a
D:2:      layout_basic, serial_shops, shop, nicolae_lakefront_shop,
          feat_on_display
D:3:      minmay_evil_eye, layout_loops_corners, st_stairs_11
D:4:      layout_loops_cross
D:5:      layout_basic, minmay_temple_entry_glassed_door
D:6:      layout_basic, nicolae_tso_swordbearing_angel, uniq_blork_the_orc,
          uniq_sigmund
D:7:      layout_gridville, nicolae_overflow_hallway_of_the_gods
D:8:      layout_loops_cross, lair_entry_dummy
Lair:1:   layout_cave_shapes, basic_altar, grunt_megastairs_5, lemuel_fruit_tree
Lair:2:   layout_chaotic_city, nicolae_spider_entry_tight_spaces,
          ebering_ghost_rock_garden, portal_ice_cave_rime,
          infiniplex_staircase_pool_2
IceCv:    ice_cave_small_dragons

Notes
Turn   | Place    | Note
-------+----------+-------------------------------------------
     0 | D:1      | sausages the Hill Orc Berserker began the quest for the
                  | Orb.
     0 | D:1      | Reached XP level 1. HP: 19/19 MP: 1/1
   272 | D:1      | Found Geasacel's Assorted Antiques.
   278 | D:1      | Reached XP level 2. HP: 19/27 MP: 2/2
   591 | D:1      | Reached XP level 3. HP: 27/33 MP: 3/3
   757 | D:2      | Found Darallipp's Magic Scroll Shop.
   781 | D:2      | Reached skill level 4 in Fighting
   808 | D:2      | Found Peulel's Distillery.
   847 | D:2      | Reached skill level 2 in Dodging
  1134 | D:2      | Reached ** piety under Trog
  1139 | D:2      | Reached skill level 5 in Axes
  1170 | D:2      | Reached XP level 4. HP: 25/40 MP: 4/4
  1928 | D:3      | Reached skill level 3 in Armour
  1930 | D:3      | Reached XP level 5. HP: 47/47 MP: 5/5
  2479 | D:3      | Reached skill level 6 in Axes
  2489 | D:3      | Reached XP level 6. HP: 53/53 MP: 6/6
  3134 | D:1      | Bought a scroll labelled RAODON GAWKIA for 22 gold pieces
  3134 | D:1      | Bought a scroll labelled RAODON GAWKIA for 22 gold pieces
  3134 | D:1      | Bought an emerald potion for 19 gold pieces
  3294 | D:4      | Reached skill level 5 in Fighting
  3385 | D:4      | You fall into a shaft and drop 1 floor!
  3385 | D:5      | Entered Level 5 of the Dungeon
  3486 | D:4      | Reached skill level 7 in Axes
  3486 | D:4      | Reached skill level 4 in Armour
  3486 | D:4      | Reached skill level 3 in Dodging
  3486 | D:4      | Reached XP level 7. HP: 61/61 MP: 7/7
  3513 | D:4      | Reached *** piety under Trog
  4477 | D:5      | Found a staircase to the Ecumenical Temple.
  4700 | D:6      | Noticed Blork the orc
  4715 | D:5      | Reached skill level 8 in Axes
  4906 | D:6      | Killed Blork the orc
  4907 | D:6      | Reached XP level 8. HP: 70/70 MP: 8/8
  5011 | D:6      | Reached skill level 1 in Throwing
  5094 | D:6      | Noticed Sigmund
  5102 | D:6      | Killed Sigmund
  5103 | D:6      | Reached skill level 6 in Fighting
  5257 | D:6      | Found a glowing golden altar of the Shining One.
  5314 | D:6      | Reached skill level 5 in Armour
  5372 | D:6      | Reached skill level 9 in Axes
  5486 | D:6      | Reached skill level 2 in Throwing
  5486 | D:6      | Reached skill level 4 in Dodging
  5782 | D:6      | Reached XP level 9. HP: 78/78 MP: 9/9
  6153 | D:1      | Bought a wooden ring for 110 gold pieces
  6195 | D:2      | Bought a scroll of identify for 22 gold pieces
  6195 | D:2      | Bought a scroll of brand weapon for 104 gold pieces
  6273 | D:7      | Found a radiant altar of Vehumet.
  6343 | D:7      | Found a broken altar of Ashenzari.
  6346 | D:7      | Found a snail-covered altar of Cheibriados.
  6352 | D:7      | Found an ancient bone altar of Kikubaaqudgha.
  6360 | D:7      | Reached skill level 10 in Axes
  6360 | D:7      | Found an ornate altar of the Wu Jian Council.
  6362 | D:7      | Found a blossoming altar of Fedhas.
  6458 | D:7      | Reached skill level 7 in Fighting
  6667 | D:7      | Reached **** piety under Trog
  6668 | D:7      | Reached skill level 3 in Throwing
  6770 | D:7      | Reached skill level 6 in Armour
  7375 | D:8      | Found a staircase to the Lair.
  7388 | D:8      | Reached skill level 11 in Axes
  7676 | D:8      | Reached skill level 5 in Dodging
  7767 | D:8      | Reached XP level 10. HP: 83/88 MP: 10/10
  7790 | D:8      | Reached skill level 8 in Fighting
  7790 | D:8      | Reached skill level 4 in Throwing
  8159 | Lair:1   | Entered Level 1 of the Lair of Beasts
  8159 | Lair:1   | Noticed a black mamba
  8166 | Lair:1   | Killed a black mamba
  8207 | Lair:1   | Noticed a black mamba
  8214 | Lair:1   | Killed a black mamba
  8215 | Lair:1   | Reached skill level 12 in Axes
  8215 | Lair:1   | Reached skill level 7 in Armour
  8241 | Lair:1   | Found an iron altar of Okawaru.
  8377 | Lair:1   | Noticed a black mamba
  8388 | Lair:1   | Killed a black mamba
  9040 | Lair:2   | Found a frozen archway.
  9093 | IceCv    | Entered an ice cave
  9330 | IceCv    | HP: 6/135 [komodo dragon simulacrum (14)]
  9330 | IceCv    | Demolished by a komodo dragon simulacrum

Vanquished Creatures
  3 black mambas (Lair:1)
  3 rime drakes
  Sigmund (D:6)
  2 water moccasins
  3 orc warriors
  2 ice beasts
  2 black bears
  3 sky beasts
  2 centaurs
  4 phantoms
  Blork the orc (D:6)
  3 bullfrogs
  A gnoll sergeant (D:7)
  3 scorpions
  A necrophage (D:4)
  8 wights (D:8)
  A lindwurm simulacrum (IceCv)
  A howler monkey (D:7)
  2 komodo dragon simulacra (IceCv)
  5 orc priests
  3 hounds
  2 jellies
  2 iguanas
  7 orc wizards
  10 gnolls
  2 acid dragon simulacra (IceCv)
  7 adders
  A shadow imp (D:6)
  3 white imps
  4 steam dragon simulacra (IceCv)
  2 worms
  32 orcs
  6 ball pythons
  3 bats
  6 endoplasms
  4 giant cockroaches
  9 goblins
  4 hobgoblins
  4 jackals
  A quokka (D:2)
  4 frilled lizards
  7 kobolds
  3 rats
177 creatures vanquished.

Table legend: (Time is in decaauts)
 A = Elapsed time spent in this place.
 B = Non-inter-level travel time spent in this place.
 C = Inter-level travel time spent in this place.
 D = Time resting spent in this place.
 E = Time spent auto-exploring this place.
 F = Levels seen in this place.
 G = Mean time per level.
                   A        B        C        D        E       F      G
               +--------+--------+--------+--------+--------+-----+--------+
         Total |   9361 |   8835 |    526 |    897 |   6565 |  11 |  851.0 |
       Dungeon |   8184 |   7690 |    494 |    695 |   5769 |   8 | 1023.0 |
          Lair |    933 |    901 |     32 |     37 |    796 |   2 |  466.5 |
      Ice Cave |    242 |    242 |      0 |    164 |      0 |   1 |  242.0 |
               +--------+--------+--------+--------+--------+-----+--------+

Top non-repeatable levels by time:
     D:2: 1344 daAuts
     D:6: 1226 daAuts
     D:3: 1191 daAuts
     D:7: 1077 daAuts
     D:5: 1025 daAuts
  Lair:1: 880 daAuts
     D:8: 805 daAuts
     D:1: 800 daAuts
     D:4: 714 daAuts
   IceCv: 242 daAuts
  Lair:2: 53 daAuts

Table legend:
 A = Non-vault XP
 B = Vault XP
 C = Vault XP percentage of total XP
 D = Non-vault monster count
 E = Vault monster count
 F = Vault count percentage of total count
                 A         B        C        D         E       F
            +---------+---------+-------+---------+---------+-------
      Total |    6113 |    1677 |  21.5 |     155 |      22 |  12.4
            +---------+---------+-------+---------+---------+-------
        D:1 |      31 |       3 |   8.8 |      11 |       2 |  15.4
        D:2 |      81 |       0 |   0.0 |      21 |       0 |   0.0
        D:3 |     247 |      12 |   4.6 |      24 |       6 |  20.0
        D:4 |     351 |       0 |   0.0 |      19 |       0 |   0.0
        D:5 |     381 |       0 |   0.0 |       6 |       0 |   0.0
        D:6 |    1024 |     331 |  24.4 |      21 |       2 |   8.7
        D:7 |    1239 |       0 |   0.0 |      29 |       0 |   0.0
        D:8 |    1411 |       0 |   0.0 |      21 |       0 |   0.0
     Lair:1 |    1348 |       0 |   0.0 |       3 |       0 |   0.0
     Lair:2 |       0 |     762 | 100.0 |       0 |       2 | 100.0
      IceCv |       0 |     569 | 100.0 |       0 |      10 | 100.0
            +---------+---------+-------+---------+---------+-------
